 Dungeon Crawl Stone Soup version 0.28-a0-691-gad6df49e81 (webtiles) character file.

Game seed: 5015900922986606478

3560 marklar909 the Chopper (level 9, -5/73 HPs)
             Began as a Palentonga Wanderer on Oct 21, 2021.
             Was a Follower of Ashenzari.
             Killed from afar by an electric eel (13 damage)
             ... with a bolt of electricity
             ... on level 8 of the Dungeon.
             The game lasted 00:25:06 (12280 turns).

marklar909 the Chopper (Palentonga Wanderer)       Turns: 12280, Time: 00:25:07

Health: -5/73      AC: 15    Str: 17    XL:     9   Next: 83%
Magic:  9/14       EV:  9    Int: 12    God:    Ashenzari [*.....]
Gold:   464        SH:  5    Dex: 12    Spells: 8/15 levels left

rFire   . . .      SeeInvis +   o - +0 hand axe (elec)
rCold   . . .      Faith    .   a - +2 buckler "Esoteric Malaise" {Elem, Melee} (curse)
rNeg    . . .      Spirit   .   q - +0 leather armour {rPois}
rPois   +          Reflect  .   m - +2 hat of the Prophetic Anarchy {Comp, Evo} (curse)
rElec   .          Harm     .   (no cloak)
rCorr   .          Rampage  .   s - +0 pair of gloves
Will    .....                   (no barding)
Stlth   ++........              p - amulet of magic regeneration
HPRegen 0.22/turn               (no ring)
MPRegen 0.39/turn               (no ring)

@: very slightly contaminated, curled up
A: large, rugged brown scales 3, see invisible, deformed body, roll 1, armoured
tail, reflexive curl
a: Rolling Charge, Renounce Religion, Shatter the Chains


You were on level 8 of the Dungeon.
You worshipped Ashenzari.
Ashenzari was aware of your devotion.
You visited 1 branch of the dungeon, and saw 9 of its levels.

You collected 464 gold pieces.

Inventory:

Hand Weapons
 e - a +1 whip of freezing
 o - a +0 hand axe of electrocution (weapon)
Armour
 a - the cursed +2 buckler "Esoteric Malaise" (worn) {Elem, Melee}
   (You found it on level 7 of the Dungeon)

   It has a curse which improves the following skills: Elements: Fire Magic, Ice
   Magic, Air Magic and Earth Magic.
   Melee Combat: Short Blades, Long Blades, Axes, Maces & Flails, Polearms,
   Staves and Unarmed Combat.
 m - the cursed +2 hat of the Prophetic Anarchy (worn) {Comp, Evo}
   (You found it on level 2 of the Dungeon)

   It has a curse which improves the following skills: Companions: Summonings
   and Necromancy.
   Evocations: Evocations.
 q - a +0 leather armour of poison resistance (worn)
 s - a +0 pair of gloves (worn)
Jewellery
 p - an amulet of magic regeneration (around neck)
Wands
 l - a wand of polymorph (11)
Scrolls
 c - a scroll of amnesia
 d - 2 scrolls of teleportation
 f - a scroll of fog
 n - a scroll of holy word
 t - a scroll of blinking
Potions
 b - 2 potions of brilliance
 g - 4 potions of flight
 h - a potion of mutation
 i - 2 potions of lignification
 j - a potion of heal wounds
 k - 4 potions of curing
 r - 2 potions of resistance


   Skills:
 + Level 5.8 Fighting
 + Level 7.6(9.0) Axes
 + Level 2.9(5.9) Polearms
 + Level 0.5 Throwing
 + Level 6.0 Armour
 + Level 3.5 Dodging
 + Level 2.4 Stealth
 + Level 0.1 Shields
 + Level 3.5 Spellcasting
 * Level 4.5 Translocations
 + Level 1.2(2.0) Evocations


You had 8 spell levels left.
You knew the following spells:

 Your Spells              Type           Power      Damage    Failure   Level
a - Blink                 Tloc           N/A        N/A       11%         2
b - Manifold Assault      Tloc           12%        N/A       89%         5

Your spell library contained the following spells:

 Spells                   Type           Power      Damage    Failure   Level
 Lesser Beckoning         Tloc           12%        N/A       22%         3
 Portal Projectile        Hex/Tloc       14%        N/A       47%         3
 Call Canine Familiar     Summ           2%         N/A       78%         3
 Leda's Liquefaction      Hex/Erth       1%         N/A       99%         4


Dungeon Overview and Level Annotations

Branches:
Dungeon (9/15)             Temple (0/1) D:6
   Lair: D:8-11         Orc: D:9-12

Altars:
Ashenzari
Kikubaaqudgha
Nemelex Xobeh
Trog
Uskayaw
Xom

Annotations:
D:5 Grinder
D:7 Harold


Innate Abilities, Weirdness & Mutations

You are completely covered in rugged brown scales. (AC +3, +7% HP)
You have supernaturally acute eyesight. (SInv)
Armour fits poorly on your strangely shaped body.
You can roll at nearby foes to attack.
You have a long armoured tail.
You curl defensively after being hit.


Message History

The electric eel shoots out a bolt of lightning at you!
The bolt of electricity hits you.
The electric eel shoots out a bolt of lightning at you!
The bolt of electricity hits the electric eel.
The electric eel completely resists.
The bolt of electricity misses you.
Casting: Blink (safe; 11% risk of failure)
Confirm with . or Enter, or press ? or * to list all spells.
You miscast Blink.
You are very lightly contaminated with residual magic.
Nothing appears to happen.
The electric eel shoots out a bolt of lightning at you!
The bolt of electricity hits you!
The electric eel shoots out a bolt of lightning at you!
The bolt of electricity hits the electric eel.
The electric eel completely resists.
The bolt of electricity hits you.
Casting: Blink (safe; 11% risk of failure)
Confirm with . or Enter, or press ? or * to list all spells.
You miscast Blink.
Nothing appears to happen.
The electric eel shoots out a bolt of lightning at you!
The bolt of electricity hits you.
Unknown command.
Casting: Blink (safe; 11% risk of failure)
Confirm with . or Enter, or press ? or * to list all spells.
You blink.
Found a potion of curing.
The electric eel shoots out a bolt of lightning at you!
The bolt of electricity hits you!
The electric eel shoots out a bolt of lightning at you!
The bolt of electricity hits the electric eel.
The electric eel completely resists.
The bolt of electricity hits you!
The electric eel shoots out a bolt of lightning at you!
The bolt of electricity hits you!
* * * LOW HITPOINT WARNING * * *
Casting: Blink (safe; 11% risk of failure)
Confirm with . or Enter, or press ? or * to list all spells.
You don't know that spell.
Unknown command.
The electric eel shoots out a bolt of lightning at you!
The bolt of electricity hits the electric eel.
The electric eel completely resists.
The bolt of electricity hits you!
You die...

##............#
...............
...............
....!..........
.....≈.........
......≈≈≈≈≈≈.....
#....≈≈≈≈S≈≈≈....
##....≈?....≈≈....
........≈".@≈≈.....
.......≈≈≈!≈≈......
......≈.≈S≈≈...... ##
#.......S≈.......
#.##..##......§.........
......#.................
......'...............#.
......#.............###
......#...(.#....####


You could see 3 electric eels.

Vanquished Creatures
  Pikel (D:6)
  Joseph (D:7)
  Prince Ribbit (D:7)
  A hornet (D:7)
  Eustachio (D:5)
  An orc warrior (D:5)
  2 necrophages (D:5)
  3 ogres
  2 centaurs
  3 lemures
  A phantom (D:6)
  2 kobold brigands
  2 bullfrogs
  A gnoll sergeant (D:5)
  2 scorpions
  A water moccasin zombie (D:5)
  A wyvern skeleton (D:7)
  A water moccasin skeleton (D:4)
  A howler monkey (D:7)
  2 bullfrog zombies
  A centaur zombie (D:5)
  6 orc priests
  2 jellies
  2 bullfrog skeletons
  A centaur skeleton (D:7)
  3 iguanas
  A scorpion zombie (D:5)
  2 orc wizards
  2 killer bee zombies (D:5)
  9 adders
  5 gnolls (D:5)
  A shadow imp (D:5)
  A white imp (D:6)
  2 worms
  5 dart slugs
  26 orcs
  9 bats
  9 endoplasms
  2 giant cockroaches (D:2)
  4 hobgoblins
  4 jackals (D:1)
  3 quokkas
  11 ball pythons
  8 frilled lizards
  11 goblins
  14 kobolds
  2 rats
176 creatures vanquished.

Vanquished Creatures (others)
  2 withered plants (D:3)
2 creatures vanquished.

Grand Total: 178 creatures vanquished

Notes
Turn   | Place    | Note
-------+----------+-------------------------------------------
     0 | D:1      | marklar909 the Palentonga Wanderer began the quest for the
                  | Orb.
     0 | D:1      | marklar909 set off with the following items: a +2 spear, a
                  | +0 mace, a +0 ring mail
     0 | D:1      | Reached XP level 1. HP: 19/19 MP: 1/1
    56 | D:1      | Reached XP level 2. HP: 21/25 MP: 2/2
   388 | D:1      | Reached XP level 3. HP: 30/31 MP: 3/3
   837 | D:2      | Reached skill level 1 in Polearms
  1134 | D:2      | Reached XP level 4. HP: 37/37 MP: 4/4
  1580 | D:2      | Learned a level 2 spell: Blink
  1785 | D:2      | HP: 1/37 [orc priest/divine providence (13)]
  2204 | D:2      | Reached XP level 5. HP: 25/43 MP: 4/6
  2376 | D:2      | Reached skill level 1 in Spellcasting
  2477 | D:3      | Reached skill level 1 in Translocations
  3042 | D:3      | Found a faded altar of an unknown god.
  3300 | D:3      | Reached XP level 6. HP: 49/51 MP: 8/8
  3314 | D:3      | Reached skill level 1 in Dodging
  3406 | D:3      | Found an ancient bone altar of Kikubaaqudgha.
  3631 | D:4      | Reached skill level 5 in Armour
  3856 | D:4      | Reached skill level 1 in Axes
  4011 | D:3      | Reached skill level 2 in Axes
  4011 | D:3      | Gained mutation: You curl defensively after being hit.
                  | [Palentonga growth]
  4011 | D:3      | Reached XP level 7. HP: 23/56 MP: 8/10
  4898 | D:5      | Entered Level 5 of the Dungeon
  5343 | D:5      | Noticed Eustachio
  5518 | D:5      | Reached skill level 3 in Axes
  5682 | D:5      | Killed Eustachio
  5812 | D:5      | Reached skill level 4 in Axes
  5812 | D:5      | Reached XP level 8. HP: 39/64 MP: 11/11
  6284 | D:5      | Found a broken altar of Ashenzari.
  6365 | D:5      | Reached skill level 5 in Axes
  6946 | D:5      | Noticed Grinder
  6951 | D:5      | Paralysed by Grinder for 5 turns
  7195 | D:6      | Reached skill level 6 in Axes
  7293 | D:5      | Became a worshipper of Ashenzari the Shackled
  7704 | D:5      | Reached skill level 5 in Fighting
  8184 | D:6      | Found a staircase to the Ecumenical Temple.
  8237 | D:6      | Found a sparkling altar of Nemelex Xobeh.
  8499 | D:7      | Noticed Pikel
  8600 | D:7      | Noticed Joseph
  8632 | D:7      | Killed Joseph
  8633 | D:7      | Reached XP level 9. HP: 28/72 MP: 13/13
  8837 | D:7      | Paralysed by a hornet for 2 turns
  8841 | D:7      | Reached skill level 7 in Axes
  8997 | D:7      | Learned a level 5 spell: Manifold Assault
  9022 | D:7      | Noticed Harold
  9879 | D:6      | Killed Pikel
 10943 | D:7      | Noticed Prince Ribbit
 11192 | D:7      | Killed Prince Ribbit
 11723 | D:8      | Reached * piety under Ashenzari
 11724 | D:8      | Found a shimmering altar of Xom.
 11763 | D:8      | Found a shimmering altar of Xom.
 11763 | D:8      | Noticed a gargoyle
 12153 | D:8      | Identified the +0 ring mail of Vehumet {rElec rN+ Dex-4}
 12180 | D:8      | Found a bloodstained altar of Trog.
 12180 | D:8      | Found a hide-covered altar of Uskayaw.
 12280 | D:8      | Killed from afar by an electric eel

Illustrated notes

Levels and vault maps discovered:
D:1:      mrwooster_arrival_statue, layout_rooms, dk_noncrumbling_3,
          minmay_small_reverse_x
D:2:      cheibrodos_pilgrimage, layout_basic, minmay_fountain_box,
          minmay_pentomino_q4
D:3:      layout_rooms, kiku_gazebo_garden_becter,
          hellmonk_ecumenical_altar_inner_sanctum
D:4:      layout_rooms, minmay_distorted
D:5:      layout_loops_ring, nicolae_ashenzari_panopticon, uniq_eustachio,
          uniq_grinder
D:6:      layout_rooms, nemelex_dance_club_becter, minmay_temple_entry_tees,
          hex_large, dk_vineyard_1
D:7:      layout_basic, uniq_harold, uniq_joseph, uniq_prince_ribbit1,
          uniq_crazy_yiuf_cottage, uniq_pikel
D:8:      layout_gridville, mainiacjoe_overflow_24_doors,
          nzn_wu_jian_contemplation, xom_redecorated,
          gammafunk_temple_overflow_pools, special_room [special_room_orc],
          disabler_island
D:9:      layout_loops_cross

Skill      XL: |  1  2  3  4  5  6  7  8  9 |
---------------+----------------------------+-----
Polearms       | 1 2 |  2.9
Spellcasting   | 1 2 3 |  3.5
Translocations | 1 2 4 |  4.5
Dodging        | 1 2 3 |  3.5
Armour         | 5 6 |  6.0
Axes           | 2 4 6 7 |  7.6
Fighting       | 4 5 |  5.8
Stealth        | 2 |  2.4
Throwing       | |  0.5
Shields        | |  0.1
Evocations     | |  1.2

Action                   |  1- 3 |  4- 6 |  7- 9 || total
-------------------------+-------+-------+-------++-------
Melee: Spear             |   108 |   147 |       ||   255
       Tailslap          |     4 |    28 |    49 ||    81
       Hand axe          |       |    59 |   356 ||   415
Throw: Stone             |     1 |       |       ||     1
       Dart              |       |       |    15 ||    15
       Throwing net      |       |       |     1 ||     1
 Cast: Blink             |       |     2 |    16 ||    18
Invok: Curse Item        |       |       |     2 ||     2
 Abil: Rolling Charge    |       |     5 |     9 ||    14
Evoke: Wand              |       |       |     7 ||     7
  Use: Scroll            |     6 |     3 |    10 ||    19
       Potion            |       |     1 |     6 ||     7
 Stab: Invisible         |       |       |     3 ||     3
Armor: Ring mail         |    55 |    75 |    26 ||   156
       Leather armour    |       |       |   108 ||   108
Dodge: Dodged            |    54 |    55 |   158 ||   267
Block: Buckler           |       |       |    10 ||    10

Table legend: (Time is in decaauts)
 A = Elapsed time spent in this place.
 B = Non-inter-level travel time spent in this place.
 C = Inter-level travel time spent in this place.
 D = Time resting spent in this place.
 E = Time spent auto-exploring this place.
 F = Levels seen in this place.
 G = Mean time per level.
                   A        B        C        D        E       F      G
               +--------+--------+--------+--------+--------+-----+--------+
         Total |  12328 |  11401 |    927 |   5050 |   4534 |   9 | 1369.8 |
       Dungeon |  12328 |  11401 |    927 |   5050 |   4534 |   9 | 1369.8 |
               +--------+--------+--------+--------+--------+-----+--------+

Top non-repeatable levels by time:
     D:5: 2247 daAuts
     D:2: 2035 daAuts
     D:6: 1992 daAuts
     D:4: 1667 daAuts
     D:7: 1444 daAuts
     D:3: 1070 daAuts
     D:1: 1004 daAuts
     D:8: 530 daAuts
     D:9: 335 daAuts
